 Dungeon Crawl Stone Soup version 0.28-a0-1510-gd0f6b136d3 (webtiles) character file.

Game seed: 11771607830422617671

2 HallandMoats the Skirmisher (level 1, 0/19 HPs)
             Began as a Ghoul Fighter on Jan 14, 2022.
             Was a Follower of Vehumet.
             Slain by a kobold (4 damage)
             ... on level 1 of the Dungeon.
             The game lasted 00:00:17 (180 turns).

HallandMoats the Skirmisher (Ghoul Fighter)          Turns: 180, Time: 00:00:18

Health: 0/19       AC:  6    Str: 19    XL:     1   Next: 30%
Magic:  0/0        EV:  9    Int:  3    God:    Vehumet [*.....]
Gold:   10         SH:  4    Dex:  8    Spells: 0/0 levels left

rFire   . . .      SeeInvis .   a - +0 long sword
rCold   + . .      Faith    .   c - +0 buckler
rNeg    + + +      Spirit   .   b - +0 scale mail
rPois   ∞          Reflect  .   (no helmet)
rElec   .          Harm     .   (no cloak)
rCorr   .          Rampage  .   (no gloves)
Will    .....                   (no boots)
Stlth   ..........              (no amulet)
HPRegen 0.00/turn               (no ring)
MPRegen 0.07/turn               (no ring)

@: inhibited regen
A: claws 1, cold resistance 1, negative energy resistance 3, inhibited
regeneration, torment resistance 2
a: Renounce Religion


You were on level 1 of the Dungeon.
You worshipped Vehumet.
Vehumet was aware of your devotion.
You visited 1 branch of the dungeon, and saw 1 of its levels.

You collected 10 gold pieces.

Inventory:

Hand Weapons
 a - a +0 long sword (weapon)
Armour
 b - a +0 scale mail (worn)
 c - a +0 buckler (worn)
Scrolls
 e - a scroll of enchant weapon {unknown}
Potions
 d - a potion of might


   Skills:
 * Level 3.3 Fighting
 * Level 1.8 Long Blades
 + Level 2.7 Armour
 + Level 0.0 Dodging
 * Level 2.7 Shields


You couldn't memorise any spells.
You didn't know any spells.
Your spell library was empty.

Dungeon Overview and Level Annotations

Branches:
Dungeon (1/15)

Altars:
Vehumet


Innate Abilities, Weirdness & Mutations

You thrive by killing the living.
You are immune to poison.
You have sharp fingernails.
Your flesh is cold resistant. (rC+)
You are immune to negative energy. (rN+++)
You do not regenerate when monsters are visible.
You are immune to unholy pain and torment.


Message History

Vehumet offers you knowledge of Sandblast.
Found a leather armour and 20 stones.
A kobold comes into view. It is wielding a +0 short sword.
The kobold shouts!
A kobold is nearby!
The kobold hits you with a +0 short sword.
The kobold hits you with a +0 short sword.
You block the kobold's attack. The kobold closely misses you.
You block the kobold's attack. You block the kobold's attack.
The kobold hits you with a +0 short sword.
The kobold barely misses you. The kobold hits you but does no damage.
The kobold closely misses you. The kobold hits you but does no damage.
The kobold barely misses you. The kobold barely misses you.
The kobold barely misses you. The kobold barely misses you.
The kobold barely misses you. The kobold hits you but does no damage.
The kobold barely misses you. You block the kobold's attack.
You block the kobold's attack. You block the kobold's attack.
The kobold closely misses you. The kobold barely misses you.
The kobold closely misses you.
The kobold hits you with a +0 short sword.
* * * LOW HITPOINT WARNING * * *
The kobold hits you with a +0 short sword.
* * * LOW HITPOINT WARNING * * *
You block the kobold's attack. You block the kobold's attack.
The kobold hits you but does no damage. The kobold hits you but does no damage.
The kobold hits you but does no damage.
The kobold hits you with a +0 short sword.
You die...

.# .# .# .## ##.. #.. #K#
#@# ..#######.# ...
#.........# ...
########..# #.. #.## #..
#.# #.. ######.#######
#..
#♣..♣..8..∩...#########..
#................>.......


You could see a kobold.

Vanquished Creatures
  An endoplasm (D:1)
  A ball python (D:1)
2 creatures vanquished.

Notes
Turn   | Place    | Note
-------+----------+-------------------------------------------
     0 | D:1      | HallandMoats the Ghoul Fighter began the quest for the Orb.
     0 | D:1      | Reached XP level 1. HP: 19/19 MP: 0/0
    97 | D:1      | Found a faded altar of an unknown god.
   109 | D:1      | Prayed at the altar of an unknown god.
   109 | D:1      | Became a worshipper of Vehumet
   109 | D:1      | Reached * piety under Vehumet
   109 | D:1      | Offered knowledge of Sandblast by Vehumet.
   180 | D:1      | Slain by a kobold

Illustrated notes

Levels and vault maps discovered:
D:1:      tarquinn_simple_flora_water_d, layout_loops_ring,
          hellmonk_ecumenical_altar_arch_garden

Action                   || total
-------------------------++-------
Melee: Long sword        ||     5
Armor: Scale mail        ||     7
Dodge: Dodged            ||    15
Block: Buckler           ||     8

Table legend: (Time is in decaauts)
 A = Elapsed time spent in this place.
 B = Non-inter-level travel time spent in this place.
 C = Inter-level travel time spent in this place.
 D = Time resting spent in this place.
 E = Time spent auto-exploring this place.
 F = Levels seen in this place.
 G = Mean time per level.
                   A        B        C        D        E       F      G
               +--------+--------+--------+--------+--------+-----+--------+
         Total |    181 |    181 |      0 |      0 |    124 |   1 |  181.0 |
       Dungeon |    181 |    181 |      0 |      0 |    124 |   1 |  181.0 |
               +--------+--------+--------+--------+--------+-----+--------+

Top non-repeatable levels by time:
     D:1: 181 daAuts
